 Dungeon Crawl Stone Soup version 0.26-a0-708-g17f3b190f9 (webtiles) character file.

Game seed: 528539152956095203

39 Vafan the Stinger (level 3, 0/27 HPs)
             Began as a Barachi Venom Mage on Oct 29, 2020.
             Succumbed to an adder's poison
             ... on level 2 of the Dungeon.
             The game lasted 00:08:35 (1087 turns).

Vafan the Stinger (Barachi Venom Mage)              Turns: 1087, Time: 00:08:36

Health: 0/27       AC:  2    Str:  9    XL:     3   Next: 47%
Magic:  0/7        EV: 12    Int: 16    God:
Gold:   60         SH:  0    Dex: 12    Spells: 4/7 levels left

rFire    . . .     SeeInvis .   d - +0 dagger
rCold    . . .     Faith    .   (no shield)
rNeg     . . .     Spirit   .   a - +0 robe
rPois    +         Reflect  .   (no helmet)
rElec    .         Harm     .   (no cloak)
rCorr    .         Rampage  .   (no gloves)
MR       .....                  (no boots)
Stlth    ++........             (no amulet)
HPRegen  0.09/turn              g - ring of poison resistance
MPRegen  0.10/turn              (no ring)

@: brilliant, lethally poisoned (0 -> -13), stab, very slightly contaminated,
slow
A: +LOS, swims, slowness 1, strong legs 1
a: Hop


You were on level 2 of the Dungeon.
You visited 1 branch of the dungeon, and saw 2 of its levels.

You collected 60 gold pieces.

Inventory:

Hand Weapons
 d - a +0 dagger (weapon)
Missiles
 i - 30 poisoned darts (quivered)
Armour
 a - a +0 robe (worn)
Jewellery
 g - a ring of poison resistance (left hand)
Scrolls
 b - a scroll of enchant armour {unknown}
 c - 2 scrolls of identify {unknown}
 e - a scroll of amnesia {unknown}
 j - 2 scrolls of remove curse {unknown}


   Skills:
 + Level 1.9 Fighting
 - Level 2.1 Dodging
 - Level 1.7 Stealth
 + Level 2.8 Spellcasting
 - Level 1.1 Transmutations
 + Level 3.9 Poison Magic


You had 4 spell levels left.
You knew the following spells:

 Your Spells              Type           Power        Failure   Level
a - Sting                 Tmut/Pois      ###.         7%          1
b - Poisonous Vapours     Pois/Air       ##....       13%         2

Your spell library contained the following spells:

 Spells                   Type           Power        Failure   Level
 Ignite Poison            Fire/Tmut/Pois ##......     28%         3
 Mephitic Cloud           Conj/Pois/Air  #.......     32%         3
 Olgreb's Toxic Radiance  Pois           ###.....     36%         4


Dungeon Overview and Level Annotations

Branches:
Dungeon (2/15)

Altars:


Innate Abilities, Weirdness & Mutations

You can be seen from farther away. (+LOS)
You can swim through water.
You cover ground slowly.
You can hop short distances.


Message History

You feel clever all of a sudden.
* * * LOW HITPOINT WARNING * * *
You feel sick. The adder completely misses you.
You hit the adder but do no damage.
The adder is severely wounded.
* * * LOW HITPOINT WARNING * * *
You feel sick. The adder closely misses you. x2
You closely miss the adder.
The adder is severely wounded.
The adder bites you.
* * * LOW HITPOINT WARNING * * *
You are more poisoned.
The adder poisons you!
You hit the adder.
The adder is severely wounded.
* * * LOW HITPOINT WARNING * * *
You feel sick. The adder misses you.
You hit the adder.
You kill the adder!
You die...

#########.#
#.<........
#.#.####### #@#.#
#†#.## #b...#
#...............#
########....###..
#.#.## .!#.#
..... ###.#)


You could see a bat.

Vanquished Creatures
  An adder (D:2)
  4 leopard geckos (D:1)
  3 giant cockroaches (D:1)
  5 hobgoblins
  5 bats (D:1)
  4 frilled lizards (D:1)
  4 kobolds
26 creatures vanquished.

Notes
Turn   | Place    | Note
-------+----------+-------------------------------------------
     0 | D:1      | Vafan the Barachi Venom Mage began the quest for the Orb.
     0 | D:1      | Reached XP level 1. HP: 13/13 MP: 3/3
    88 | D:1      | Reached skill level 1 in Fighting
    88 | D:1      | Reached XP level 2. HP: 17/21 MP: 0/5
   214 | D:1      | Learned a level 2 spell: Poisonous Vapours
   760 | D:1      | Reached XP level 3. HP: 26/26 MP: 4/7
  1086 | D:2      | HP: 1/27 [poisoned by an adder]
  1087 | D:2      | Succumbed to an adder's poison

Illustrated notes

Levels and vault maps discovered:
D:1:      dpeg_arrival_tiny_i, layout_rooms
D:2:      layout_loops_ring, nicolae_overflow_crystal_walls

Skill      XL: |  1 |
---------------+----+-----
Fighting       | 1 |  1.9
Dodging        | |  2.1
Stealth        | |  1.7
Spellcasting   | |  2.8
Transmutations | |  1.1
Poison Magic   | |  3.9

Action                   || total
-------------------------++-------
Melee: Hand axe          ||     4
       Dagger            ||    43
 Cast: Sting             ||    17
       Poisonous Vapours ||    13
  Use: Potion            ||     2
Armor: Robe              ||    13
Dodge: Dodged            ||    45

Table legend: (Time is in decaauts)
 A = Elapsed time spent in this place.
 B = Non-inter-level travel time spent in this place.
 C = Inter-level travel time spent in this place.
 D = Time resting spent in this place.
 E = Time spent auto-exploring this place.
 F = Levels seen in this place.
 G = Mean time per level.
                   A        B        C        D        E       F      G
               +--------+--------+--------+--------+--------+-----+--------+
         Total |   1179 |   1170 |      9 |      0 |    860 |   2 |  589.5 |
       Dungeon |   1179 |   1170 |      9 |      0 |    860 |   2 |  589.5 |
               +--------+--------+--------+--------+--------+-----+--------+

Top non-repeatable levels by time:
     D:1: 1147 daAuts
     D:2: 32 daAuts
